 Dungeon Crawl Stone Soup version 0.29-a0-284-gf9362112df (webtiles) character file.

Game seed: 17043756199312301509

91 sammy202020 the Skirmisher (level 4, -8/45 HPs)
             Began as a Troll Fighter on Mar 20, 2022.
             Killed from afar by Natasha (10 damage)
             ... with a puff of flame
             ... on level 2 of the Dungeon.
             The game lasted 00:01:49 (1060 turns).

sammy202020 the Skirmisher (Troll Fighter)          Turns: 1060, Time: 00:01:50

Health: -8/45      AC:  4    Str: 24    XL:     4   Next: 33%
Magic:  3/3        EV:  8    Int:  6    God:
Gold:   93         SH:  7    Dex:  9    Spells: 3/3 levels left

rFire   . . .      SeeInvis .     - Unarmed
rCold   . . .      Faith    .   b - +0 kite shield
rNeg    . . .      Spirit   .   a - +0 robe
rPois   .          Reflect  .   (helmet restricted)
rElec   .          Harm     .   (no cloak)
rCorr   .          Rampage  .   (gloves unavailable)
Will    .....                   (boots unavailable)
Stlth   +.........              (no amulet)
HPRegen 0.95/turn               (no ring)
MPRegen 0.08/turn               (no ring)

@: no status effects
A: large, unfitting armour, claws 3, regeneration 1, shaggy fur 1, tough skin 1
a: no special abilities


You were on level 2 of the Dungeon.
You visited 1 branch of the dungeon, and saw 2 of its levels.

You collected 93 gold pieces.

Inventory:

Hand Weapons
 l - a +0 club
Missiles
 h - 5 javelins (quivered)
Armour
 a - a +0 robe (worn)
 b - a +0 kite shield (worn)
Scrolls
 g - a scroll of identify {unknown}
 i - a scroll of magic mapping {unknown}
 j - a scroll of vulnerability {unknown}
 o - a scroll of teleportation {unknown}
Potions
 c - a potion of might
 d - 4 potions of curing {unknown}
 e - 2 potions of cancellation {unknown}
 f - a potion of attraction {unknown}
 k - 2 potions of degeneration {unknown}
 m - 2 potions of berserk rage {unknown}
 n - a potion of mutation {unknown}


   Skills:
 * Level 3.1 Fighting
 + Level 2.8 Dodging
 + Level 2.7 Shields
 * Level 3.1 Unarmed Combat


You had 3 spell levels left.
You didn't know any spells.
Your spell library was empty.

Dungeon Overview and Level Annotations

Branches:
Dungeon (2/15)

Altars:

Annotations:
D:2 Natasha


Innate Abilities, Weirdness & Mutations

You are too large for most types of armour.
You have claws for hands.
Your natural rate of healing is unusually fast.
You are covered in fur. (AC +1)
You have tough skin. (AC +1)


Message History

The puff of frost hits you!
You are too injured to fight recklessly!
You are too injured to fight recklessly!
You are too injured to fight recklessly!
You are too injured to fight recklessly!
You are too injured to fight recklessly!
You are too injured to fight recklessly!
You are too injured to fight recklessly!
You are too injured to fight recklessly!
You are too injured to fight recklessly!
You are too injured to fight recklessly!
You are too injured to fight recklessly!
You are too injured to fight recklessly!
You are too injured to fight recklessly!
You are too injured to fight recklessly!
You are too injured to fight recklessly!
You are too injured to fight recklessly!
Unknown command.
Sorry, you're not good enough to have a special ability.
You claw the white imp!
You kill the white imp!
The white imp disappears in a puff of smoke!
Natasha zaps a wand.
The puff of flame hits you.
* * * LOW HITPOINT WARNING * * *
Unknown command.
You closely miss Natasha.
Natasha is severely wounded.
Natasha claws you but does no damage.
You barely miss Natasha.
Natasha is severely wounded.
Natasha claws you!
* * * LOW HITPOINT WARNING * * *
You scratch Natasha.
Natasha is severely wounded.
Natasha claws you.
* * * LOW HITPOINT WARNING * * *
You scratch Natasha but do no damage.
Natasha is severely wounded.
Natasha zaps a wand.
The puff of flame hits you!
You die...

#≈≈#...#...##.....##
##
#..≈≈.#.#.......####
#' #≈≈≈........####.#
#. #≈##........####.#
##. # #..........##.#
#.. #......[...##.#
#..
#.............######..
#........##...........
#....@...##.#####.##..
#...h....##.#.....###.
###########.#.##### ##
#...# # #####


You could see Natasha.

Vanquished Creatures
  Natasha (twice) (D:2)
  2 dart slugs (D:1)
  5 bats
  8 endoplasms
  5 goblins
  2 hobgoblins (D:1)
  2 kobolds (D:1)
  5 ball pythons (D:1)
  4 frilled lizards
  4 rats
39 creatures vanquished.

Notes
Turn   | Place    | Note
-------+----------+-------------------------------------------
     0 | D:1      | sammy202020 the Troll Fighter began the quest for the Orb.
     0 | D:1      | Reached XP level 1. HP: 22/22 MP: 0/0
    98 | D:1      | Reached XP level 2. HP: 29/29 MP: 1/1
   362 | D:1      | Reached XP level 3. HP: 32/36 MP: 2/2
   497 | D:1      | Found a faded altar of an unknown god.
   807 | D:2      | Noticed Natasha
   813 | D:2      | Killed Natasha
   946 | D:2      | Reached XP level 4. HP: 45/45 MP: 3/3
   955 | D:2      | Noticed Natasha
   962 | D:2      | Killed Natasha
  1050 | D:2      | Noticed Natasha
  1059 | D:2      | HP: 1/45 [Natasha (4)]
  1060 | D:2      | Killed from afar by Natasha

Illustrated notes

Levels and vault maps discovered:
D:1:      dpeg_arrival_boxorama, layout_loops_ring,
          hellmonk_ecumenical_altar_slurped_away, minmay_split_cup_small
D:2:      layout_rooms, serial_rivers, chequers_serial_rivers_room_b,
          chequers_serial_rivers_room_b, chequers_serial_rivers_small_b,
          chequers_serial_rivers_room_a, chequers_serial_rivers_marsh,
          uniq_natasha

Skill      XL: |  1  2  3 |
---------------+----------+-----
Fighting       | 3 |  3.1
Unarmed Combat | 3 |  3.1
Dodging        | |  2.8
Shields        | |  2.7

Action                   |  1- 3 |  4- 6 || total
-------------------------+-------+-------++-------
Melee: Unarmed           |   101 |    11 ||   112
 Stab: Sleeping          |     1 |       ||     1
Armor: Robe              |    32 |     3 ||    35
Dodge: Dodged            |    26 |     1 ||    27
Block: Kite shield       |    28 |     2 ||    30

Table legend: (Time is in decaauts)
 A = Elapsed time spent in this place.
 B = Non-inter-level travel time spent in this place.
 C = Inter-level travel time spent in this place.
 D = Time resting spent in this place.
 E = Time spent auto-exploring this place.
 F = Levels seen in this place.
 G = Mean time per level.
                   A        B        C        D        E       F      G
               +--------+--------+--------+--------+--------+-----+--------+
         Total |   1075 |   1009 |     66 |      0 |    733 |   2 |  537.5 |
       Dungeon |   1075 |   1009 |     66 |      0 |    733 |   2 |  537.5 |
               +--------+--------+--------+--------+--------+-----+--------+

Top non-repeatable levels by time:
     D:1: 814 daAuts
     D:2: 260 daAuts
